 Dungeon Crawl Stone Soup version 0.13.0-18-g7b03ea5 (webtiles) character file.

8653 Deemzul the Martial Artist (level 11, -1/83 HPs)
             Began as a Demonspawn Monk on Oct 22, 2013.
             Was a High Priest of Okawaru.
             Slain by a hill giant simulacrum (26 damage)
             ... on Level 12 of the Dungeon.
             The game lasted 00:29:30 (8000 turns).

Deemzul the Martial Artist (Demonspawn Monk)        Turns: 8000, Time: 00:29:30

HP  -1/83        AC 14     Str 15      XL: 11   Next:  7%
MP  10/10        EV 10     Int 11      God: Okawaru [*****.]
Gold 376         SH  0     Dex 15      Spells:  0 memorised, 10 levels left

Res.Fire  : + . .   See Invis. : .     - Unarmed
Res.Cold  : . . .   Warding    : .   O - +1 ring mail "Ucvoal" {rF+}
Life Prot.: . . .   Conserve   : +   (no shield)
Res.Poison: .       Res.Corr.  : .   F - +0 helmet
Res.Elec. : .       Clarity    : .   (no cloak)
Sust.Abil.: . .     Spirit.Shd : .   G - +0 pair of gauntlets (curse)
Res.Mut.  : .       Stasis     : .   (no boots)
Res.Rott. : .       Flight     : .   s - cursed amulet of conservation {unknown}
Saprovore : . . .                    (no ring)
                                     r - ring of wizardry

@: somewhat resistant to hostile enchantments, very unstealthy
A: hooves 2, powered by death 3, AC +4, Dex -1
a: Heroism, Finesse, Renounce Religion


You were on level 12 of the Dungeon.
You worshipped Okawaru.
Okawaru was extremely pleased with you.
You were not hungry.

You visited 2 branches of the dungeon, and saw 13 of its levels.

You collected 561 gold pieces.
You spent 185 gold pieces at shops.

Inventory:

Missiles
 J - 24 poisoned needles
 M - 7 javelins of returning (quivered)
Armour
 F - a +0 helmet (worn)
 G - a cursed +0 pair of gauntlets (worn)
 O - the +1 ring mail "Ucvoal" (worn) {rF+}
   (Okawaru gifted it to you on level 12 of the Dungeon)

   It protects you from fire.
Magical devices
 y - a wand of slowing (10)
 B - a wand of teleportation (0)
 C - a wand of lightning (1)
 D - a wand of fireball (0)
 K - a wand of polymorph (0)
 N - a wand of fire (8) {unknown}
Comestibles
 b - 5 bread rations
 c - 2 apples
 f - 5 chokos
 o - a snozzcumber
 q - 2 pears
 A - 3 meat rations
 I - 5 strawberries
Scrolls
 a - 6 scrolls of random uselessness
 e - 5 scrolls of identify
 g - 4 scrolls of recharging
 i - a scroll of vulnerability {unknown}
 j - 6 scrolls of remove curse
 k - 7 scrolls of teleportation
 t - 4 scrolls of fog
 u - 2 scrolls of fear
 z - a scroll of enchant armour
 E - 2 scrolls of magic mapping
 H - a scroll of curse jewellery {unknown}
Jewellery
 r - a ring of wizardry (left hand)
 s - a cursed amulet of conservation (around neck) {unknown}
Potions
 d - 6 potions of curing
 h - 2 potions of restore abilities {unknown}
 m - 2 potions of agility
 n - 2 potions of poison
 p - 3 potions of cure mutation {unknown}
 v - 2 potions of berserk rage
 w - a potion of brilliance {unknown}
 x - 4 potions of heal wounds


   Skills:
 + Level 9.4 Fighting
 + Level 7.6 Armour
 - Level 2.6 Dodging
 - Level 1.7 Stealth
 * Level 11.6 Unarmed Combat


You had 10 spell levels left.
You didn't know any spells.

Dungeon Overview and Level Annotations

Branches:
Dungeon (12/27)            Temple (1/1) D:4             Orc (0/4) D:7
   Lair (0/8) D:12

Altars:
Cheibriados
Elyvilon
Fedhas
Kikubaaqudgha
Makhleb
Nemelex Xobeh
Okawaru
Sif Muna
Trog
Vehumet
Xom
Yredelemnul
Zin
the Shining One

Shops:
D:6 *??%   D:7 (

Annotations:
D:8 exclusion: ice statue


Innate Abilities, Weirdness & Mutations

You have hoof-like feet.
You are partially covered in rough black scales (AC +4, Dex -1).
You can steal the life force of all defeated enemies in sight.


Message History

You continue eating.
You hear a grinding noise.
You feel like a meek peon again.
You hear a grinding noise.
You hear a grinding noise.
You hear a grinding noise.
You feel less regenerative.
A hill giant simulacrum comes into view.
You hear a grinding noise.
Use which ability? (? or * to list)
You fail to use your ability.
You hear a grinding noise.
You swing at nothing.
You hit the hill giant simulacrum.
You punch the hill giant simulacrum, but do no damage.
You punch the hill giant simulacrum! The hill giant simulacrum hits you!
The hill giant simulacrum freezes you!
You punch the hill giant simulacrum! The hill giant simulacrum hits you!
The hill giant simulacrum freezes you!
You die...

####
##############.#.
##..............#.
##..........####...
#.@########.# #.#.
#..Z...............
#...######...###.#.
#..... ....# #.#.
#....## #....# #.#.
#..... ...... ....
##....# ... ....
#..... .... #...##


You could see a hill giant simulacrum.

Vanquished Creatures
  Urug (D:10)
  Joseph (D:7)
  Psyche (D:8)
  2 trolls (D:11)
  A shadow (D:11)
  6 yaks (D:11)
  2 hippogriffs (D:10)
  Eustachio (D:8)
  A hill giant zombie (D:8)
  A hill giant skeleton (D:10)
  Menkaure (D:6)
  A hungry ghost (D:12)
  A necrophage (D:6)
  5 sky beasts
  5 orc warriors
  2 phantoms
  2 boring beetles (D:12)
  4 centaurs
  4 ogres
  4 giant frogs
  A big kobold (D:10)
  A troll zombie (D:8)
  10 killer bees
  9 wights (D:11)
  3 crimson imps
  A goliath beetle (D:11)
  A quasit (D:8)
  A centaur zombie (D:7)
  8 hounds
  A jelly (D:8)
  3 orc priests
  An iron imp (D:8)
  A giant frog zombie (D:9)
  10 orc wizards
  An iguana (D:4)
  9 worker ants
  3 scorpions (D:4)
  A mottled dragon skeleton (D:11)
  2 mummies
  11 adders
  2 lemures (D:8)
  3 green rats (D:8)
  A giant mite (D:10)
  A shadow imp (D:8)
  A white imp (D:8)
  A goliath beetle zombie (D:10)
  3 worms
  An inept feature mimic (D:11)
  2 ufetubi (D:8)
  An adder zombie (D:7)
  3 grey rats (D:8)
  3 giant eyeballs
  4 giant geckos
  55 orcs
  A bat skeleton (D:4)
  5 giant cockroaches
  10 goblins
  17 hobgoblins
  5 jackals
  3 quokkas
  25 bats
  A giant cockroach zombie (D:6)
  2 giant newts
  A hobgoblin zombie (D:5)
  17 kobolds
  A quokka zombie (D:5)
  11 rats
  A rat skeleton (D:5)
305 creatures vanquished.

Vanquished Creatures (others)
  An orc wizard (D:4)
1 creature vanquished.

Grand Total: 306 creatures vanquished

Notes
Turn   | Place    | Note
--------------------------------------------------------------
     0 | D:1      | Deemzul, the Demonspawn Monk, began the quest for the Orb.
     0 | D:1      | Reached XP level 1. HP: 16/16 MP: 0/0
   430 | D:1      | Gained mutation: You have large cloven feet. [demonic ancestry]
   430 | D:1      | Reached XP level 2. HP: 16/22 MP: 1/1
   449 | D:1      | Reached skill level 4 in Unarmed Combat
  1080 | D:2      | Found a deep blue altar of Sif Muna.
  1290 | D:2      | Gained mutation: You can steal the life force of nearby defeated enemies. [demonic ancestry]
  1290 | D:2      | Reached XP level 3. HP: 22/28 MP: 2/2
  1341 | D:2      | Found a blossoming altar of Fedhas.
  1742 | D:3      | Reached XP level 4. HP: 34/34 MP: 3/3
  1817 | D:3      | Reached skill level 1 in Armour
  2272 | D:4      | Reached skill level 5 in Unarmed Combat
  2272 | D:4      | Reached XP level 5. HP: 37/40 MP: 4/4
  2503 | D:4      | Paralysed by a giant eyeball for 3 turns
  2696 | D:4      | Reached XP level 6. HP: 47/47 MP: 5/5
  3009 | D:4      | Found a staircase to the Ecumenical Temple.
  3019 | Temple   | Entered the Ecumenical Temple
  3087 | Temple   | Became a worshipper of Warmaster Okawaru
  3087 | Temple   | Acquired Okawaru's first power
  3118 | D:5      | Entered Level 5 of the Dungeon
  3246 | D:5      | Reached skill level 6 in Unarmed Combat
  3246 | D:5      | Gained mutation: You are partially covered in rough black scales (AC +4, Dex -1). [demonic ancestry]
  3246 | D:5      | Reached XP level 7. HP: 34/53 MP: 3/6
  3412 | D:5      | Reached skill level 5 in Fighting
  3741 | D:6      | Noticed Menkaure
  3756 | D:6      | Killed Menkaure
  3756 | D:6      | Reached skill level 7 in Unarmed Combat
  3756 | D:6      | Gained mutation: You have hoof-like feet. [demonic ancestry]
  3756 | D:6      | Reached XP level 8. HP: 18/60 MP: 4/7
  3758 | D:6      | Found Olaj's Magic Scroll Shoppe.
  3783 | D:6      | Bought a scroll of magic mapping for 35 gold pieces
  3783 | D:6      | Bought a scroll of recharging for 55 gold pieces
  3902 | D:6      | Found Waul's Food Shoppe.
  4020 | D:6      | Found Liebloga's Magic Scroll Shoppe.
  4043 | D:6      | Bought a scroll of enchant armour for 77 gold pieces
  4144 | D:6      | Found Throas' Assorted Antiques.
  4177 | D:6      | Bought a smoky purple potion for 18 gold pieces
  4178 | D:6      | Paralysed by a potion of paralysis for 3 turns
  4419 | D:7      | Found Atuvvulo's Weapon Shop.
  4430 | D:7      | Found a staircase to the Orcish Mines.
  4669 | D:7      | Reached skill level 8 in Unarmed Combat
  4977 | D:7      | Noticed Joseph
  4993 | D:7      | Killed Joseph
  4993 | D:7      | Gained mutation: You can steal the life force of defeated enemies. [demonic ancestry]
  4993 | D:7      | Reached XP level 9. HP: 19/67 MP: 5/8
  5229 | D:8      | Reached skill level 5 in Armour
  5235 | D:8      | Noticed an ice statue
  5280 | D:8      | Noticed Eustachio
  5286 | D:8      | Noticed Psyche
  5307 | D:8      | Reached skill level 9 in Unarmed Combat
  5390 | D:8      | Killed Psyche
  5662 | D:8      | Killed Eustachio
  6346 | D:10     | Entered Level 10 of the Dungeon
  6395 | D:10     | Reached skill level 10 in Unarmed Combat
  6505 | D:10     | Gained mutation: You can steal the life force of all defeated enemies in sight. [demonic ancestry]
  6505 | D:10     | Reached XP level 10. HP: 14/76 MP: 9/9
  6512 | D:10     | Acquired Okawaru's second power
  6832 | D:10     | Noticed Urug
  6847 | D:10     | Killed Urug
  7247 | D:11     | Reached skill level 11 in Unarmed Combat
  7535 | D:11     | Reached XP level 11. HP: 59/83 MP: 7/10
  7703 | D:12     | Received a gift from Okawaru
  7704 | D:12     | Got a heavily runed ring mail {god gift}
  7774 | D:11     | Identified the +1 ring mail "Ucvoal" {rF+} (Okawaru gifted it to you on level 12 of the Dungeon)
  7905 | D:12     | Found a staircase to the Lair.
  7905 | D:12     | Noticed a hill giant
  8000 | D:12     | Slain by a hill giant simulacrum

Action                   |  1- 3 |  4- 6 |  7- 9 | 10-12 || total
-------------------------+-------+-------+-------+-------++-------
Melee: Unarmed           |   147 |   206 |   460 |   244 ||  1057
Throw: Javelin           |       |       |       |    11 ||    11
Invok: Heroism           |       |     1 |    13 |    11 ||    25
Evoke: Wand              |       |       |     8 |     2 ||    10
  Use: Scroll            |       |     1 |    11 |     2 ||    14
       Potion            |       |     3 |     6 |     2 ||    11
 Stab: Sleeping          |     1 |       |       |       ||     1
       Confused          |       |       |     2 |       ||     2
